[Event "*** SCC Grand Prix: Titled Tuesday Blitz"]
[Site "Chess.com"]
[Date "2020.06.23"]
[Round "6"]
[White "kuban1991"]
[Black "TigrVShlyape"]
[Result "0-1"]
[WhiteElo "2723"]
[BlackElo "2920"]
[TimeControl "180+1"]
[EndTime "11:07:09 PDT"]
[Termination "TigrVShlyape won by resignation"]

1. Nf3 Nf6 2. g3 g6 3. Bg2 Bg7 4. O-O O-O 5. c4 d6 6. Nc3 Nc6 7. d3 e5 8. Rb1 h6 9. b4 a6 10.
a4 Be6 11. e4 Nd7 12. Nd5 a5 13. b5 Bxd5 14. cxd5 Nb4 15. Ba3 Nc5 16. Bxb4 axb4 17. Rxb4 f5 18. Nh4 Qf6 19. exf5 gxf5 20. b6 cxb6 21.
Bh3 f4 22. Bf5 Qg5 23. Be4 Ra6 24. Kh1 fxg3 25. hxg3 Rfa8 26. Nf5 Rxa4 27. Rxa4 Rxa4 28. Nxd6 Bf8 29. Nb5 Rb4 30. Nc7 Bd6 31. Ne6 Nxe6 32. dxe6 Rb2 33. Kg2 Bc5 34. Qf3 Qg7 35. Bd5 Kh8 36.
Qf7 Qxf7 37. exf7 Kg7 38. Ra1 Rxf2+ 39. Kh3 Rxf7 40. Bxf7 Kxf7 41. Ra7 Ke6 42. Rxb7 Kd5 43. Kg4 Be3 44. Kf5 Kd4 45. Rd7+ Kc3 46. Kxe5 b5 47. Rb7 b4 48. Ke4 Bf2 49. g4 b3 50. d4 b2 51. d5 Bc5 52. Kf5 Bb4 53. d6 b1=Q+ 54.
Ke6 Qe4+ 0-1

[Event "*** SCC Grand Prix: Titled Tuesday Blitz"]
[Site "Chess.com"]
[Date "2020.06.23"]
[Round "6"]
[White "Mourinho_Jose"]
[Black "abubakrtagelsir"]
[Result "0-1"]
[WhiteElo "2463"]
[BlackElo "2344"]
[TimeControl "180+1"]
[EndTime "11:07:11 PDT"]
[Termination "abubakrtagelsir won on time"]

1. Nf3 Nf6 2. c4 g6 3. g3 Bg7 4. Bg2 O-O 5. O-O d6 6. d4 Nc6 7.
Nc3 a6 8. Qd3 e5 9. dxe5 dxe5 10.
Qxd8 Rxd8 11. Bg5 Be6 12. Nd2 h6 13. Bxf6 Rxd2 14. Bxg7 Kxg7 15. Bxc6 bxc6 16. b3 Rad8 17. Rfd1 f5 18. Kf1 Kf6 19. Ke1 R2d4 20. Na4 f4 21. Nc5 Bc8 22. Rxd4 Rxd4 23. Rd1 fxg3 24. hxg3 Rxd1+ 25.
Kxd1 h5 26. Ke1 Kf5 27. f3 g5 28. Kf2 a5 29. Kg2 Kf6 30. Ne4+ Kg6 31. Nc5 Kf7 32. Ne4 Kg6 33. Kf2 Bf5 34. Nc3 Kf6 35. Kg2 Ke7 36. Kf2 Kd6 37. g4 hxg4 38. fxg4 Bg6 39. Ke3 Kc5 40. Ne4+ Kb4 41. Nxg5 Ka3 42. Nf3 Kxa2 43.
Nxe5 Be8 44. Kd2 Kxb3 45. g5 a4 46. Kc1 a3 47. Kb1 Kc3 48. g6 Bxg6+ 49. Nxg6 Kxc4 50. Ne5+ Kd4 0-1

[Event "*** SCC Grand Prix: Titled Tuesday Blitz"]
[Site "Chess.com"]
[Date "2020.06.23"]
[Round "6"]
[White "monalize"]
[Black "chigorin28"]
[Result "0-1"]
[WhiteElo "2259"]
[BlackElo "2423"]
[TimeControl "180+1"]
[EndTime "11:07:11 PDT"]
[Termination "chigorin28 won by resignation"]

1. e4 c5 2. Nf3 d6 3. d4 cxd4 4. Qxd4 Nc6 5. Qe3 Nf6 6. h3 e6 7. Be2 Be7 8. O-O O-O 9. Rd1 Qc7 10. c4 b6 11. Nc3 a6 12. b3 Rb8 13. Bb2 Bb7 14.
Rac1 Ne5 15. Nd4 Rfd8 16. f4 Ng6 17. Kh1 Nxf4 18. Qxf4 e5 19. Qe3 exd4 20. Qxd4 Re8 21. Nd5 Bxd5 22. exd5 Bf8 23. Bf3 Nd7 24. b4 Ne5 25.
Be4 Qd8 26. Bc2 Qg5 27. Bb3 g6 28. Qf2 Bg7 29. Rc2 a5 30. a3 axb4 31. axb4 Nd7 32.
Ba4 Re7 33. Bxg7 Kxg7 34. Bxd7 Rxd7 35. c5 bxc5 36. bxc5 dxc5 37. Qxc5 Rbd8 38. Rcd2 Rd6 39. Qc4 h5 40. Rd4 Kh7 41. Qb3 R8d7 42. Qf3 Rf6 43. Qd3 Rf2 44. Rg1 Qf6 45. d6 Rf5 46. Rd1 Rf2 47.
Rd5 Kg8 48. Qg3 Rf5 49. R5d2 Qe6 50. Qd3 Re5 51. Qf1 Re4 52. Qf2 Re3 53. Kg1 Re4 54.
Qe3 Rxe3 0-1

[Event "*** SCC Grand Prix: Titled Tuesday Blitz"]
[Site "Chess.com"]
[Date "2020.06.23"]
[Round "6"]
[White "BogdanDeac"]
[Black "cassoulet"]
[Result "1/2-1/2"]
[WhiteElo "2822"]
[BlackElo "2670"]
[TimeControl "180+1"]
[EndTime "11:07:12 PDT"]
[Termination "Game drawn by repetition"]

1. Nf3 Nf6 2. c4 e6 3. g3 Be7 4.
Bg2 O-O 5. O-O d5 6. d4 dxc4 7.
Qc2 a6 8. a4 Bd7 9. Qxc4 Bc6 10. Bg5 b5 11. Qc2 Be4 12. Qc1 Nc6 13. Nc3 Bxf3 14. Bxf3 Nxd4 15. Bxa8 b4 16. Rd1 bxc3 17.
Bf3 cxb2 18. Qxb2 Nxf3+ 19. exf3 Qa8 20. Qe2 h6 21. Bxf6 Bxf6 22. Rac1 Rc8 23. Rc5 Be7 24. Ra5 Rb8 25. Qxa6 Qxf3 26. Rf1 Bd6 27. Qc4 h5 28. Rb5 Ra8 29. a5 g6 30. Re1 Kg7 31. Re3 Qd1+ 32. Kg2 h4 33. Qc3+ e5 34. Rbxe5 Bxe5 35. Qxe5+ Kg8 36.
gxh4 Qg4+ 37. Rg3 Qxh4 38. Qxc7 Qe4+ 39. Rf3 Qg4+ 40. Rg3 Qe4+ 41. Rf3 Qd5 42. Qb6 Rxa5 43. Qb8+ Kg7 44. Qf4 Ra3 45. Qf6+ Kg8 46. Kg3 Rxf3+ 47. Qxf3 Qg5+ 48. Qg4 Qe5+ 49. Qf4 Qe6 50. Qb8+ Kh7 51. Qf4 Qd5 52. Qh4+ Kg7 53. Qf4 Qd3+ 54. Qf3 Qf1 55. Qc3+ Kh7 56. Qe3 Qg1+ 57. Kh3 f5 58. Qe7+ Kh6 59.
Qh4+ Kg7 60. Qe7+ Kg8 61. Qe8+ Kg7 62. Qe7+ Kh6 63. Qh4+ Kg7 64. Qe7+ 1/2-1/2

[Event "*** SCC Grand Prix: Titled Tuesday Blitz"]
[Site "Chess.com"]
[Date "2020.06.23"]
[Round "6"]
[White "Shuvalov"]
[Black "GelmanAlexander"]
[Result "0-1"]
[WhiteElo "2445"]
[BlackElo "2561"]
[TimeControl "180+1"]
[EndTime "11:07:12 PDT"]
[Termination "GelmanAlexander won by checkmate"]

1. d4 Nf6 2. c4 c5 3. Nf3 cxd4 4. Nxd4 b6 5. Nc3 Bb7 6. f3 d6 7.
e4 a6 8. Be3 e6 9. Be2 Rg8 10.
Qd2 h6 11. O-O-O Nbd7 12. Kb1 Qc7 13. Rc1 Be7 14. h4 Ne5 15. Na4 Nfd7 16. g4 Nc5 17.
Nc3 g5 18. hxg5 hxg5 19. Rh7 Ncd7 20. b3 Nf6 21. Rh6 Nfd7 22. Rh5 Qd8 23. Rch1 Bf6 24. Rh6 Qe7 25. Na4 Rb8 26. Nc3 Rc8 27. Rc1 Ng6 28. Rh5 Nf4 29. Bxf4 gxf4 30. Na4 Be5 31. Nc2 Bh8 32.
Nb4 Qf6 33. Qb2 Ne5 34. Nxb6 Rb8 35. Nd3 Bxe4 36. fxe4 Nxd3 37. Qxf6 Bxf6 38. Bxd3 Rxb6 39. Kc2 Rxg4 40. Rf1 Rg2+ 41. Kd1 Be5 42. Be2 a5 43. Rf3 a4 44. Rhh3 axb3 45. axb3 Ra6 46. c5 Ra1+ 47.
Kd2 Ra2+ 48. Kd3 Rgxe2 49. Kc4 Rec2+ 50. Kb5 Rxc5+ 51. Kb6 Ra8 52. Kb7 Rac8 53. b4 R5c7+ 54. Kb6 Bd4+ 55. Kb5 Rc1 56. Ra3 R1c3 57. Raxc3 Rxc3 58.
Ka6 Rxh3 59. b5 Ra3+ 60. Kb7 f3 61. Kc6 f2 62. Kxd6 f1=Q 63. b6 Qc4 64. b7 Qc5# 0-1

[Event "*** SCC Grand Prix: Titled Tuesday Blitz"]
[Site "Chess.com"]
[Date "2020.06.23"]
[Round "6"]
[White "Fusikk"]
[Black "etesungam"]
[Result "1-0"]
[WhiteElo "2550"]
[BlackElo "2414"]
[TimeControl "180+1"]
[EndTime "11:07:14 PDT"]
[Termination "Fusikk won by checkmate"]

1. e4 e5 2. Nf3 Nc6 3. Bb5 Bc5 4. O-O Nf6 5. d3 d6 6. c3 h6 7. Re1 O-O 8. h3 Bb6 9. a4 a6 10. Bxc6 bxc6 11. d4 Qe7 12. dxe5 dxe5 13. a5 Ba7 14. Be3 Bxe3 15. Rxe3 Rb8 16. Qc2 Be6 17. Nbd2 Nd7 18. Rb1 f6 19. Ne1 Rb5 20. b4 c5 21. Nd3 cxb4 22. cxb4 c5 23. bxc5 Rxb1+ 24. Nxb1 Rc8 25. h4 Nxc5 26. Nxc5 Qxc5 27. Rc3 Qf8 28. Rxc8 Qxc8 29. Qxc8+ Bxc8 30. f3 Kf7 31. Kf2 Ke6 32. Ke3 Kd6 33. Nc3 Kc5 34. Nd5 Kb5 35. Nc7+ Kxa5 36. Ne8 Kb4 37.
Nxg7 Kb3 38. Kd2 Kb2 39. Nh5 a5 40. Nxf6 a4 41. Nd5 a3 42. Nc3 a2 43. Nxa2 Kxa2 44.
Kc3 Be6 45. Kb4 Kb2 46. Kc5 Kc2 47. Kd6 Bc4 48. Kxe5 Kd3 49. f4 Ke3 50. g4 Kf3 51. g5 hxg5 52. hxg5 Kg4 53. g6 Kh5 54. Kf6 Kh6 55. f5 Bd3 56. e5 Bc4 57. e6 Bb5 58.
g7 Kh7 59. Kf7 Be8+ 60. Kf8 Bf7 61. exf7 Kh6 62. g8=Q Kh5 63. Qg3 Kh6 64. Qg6# 1-0

[Event "*** SCC Grand Prix: Titled Tuesday Blitz"]
[Site "Chess.com"]
[Date "2020.06.23"]
[Round "6"]
[White "stolencandy13"]
[Black "stanyga"]
[Result "0-1"]
[WhiteElo "2423"]
[BlackElo "2604"]
[TimeControl "180+1"]
[EndTime "11:07:17 PDT"]
[Termination "stanyga won by resignation"]

1. e4 e5 2. Nf3 Nc6 3. Nc3 Nf6 4.
d4 exd4 5. Nxd4 Bb4 6. Nxc6 bxc6 7.
Bd3 d5 8. exd5 cxd5 9. O-O O-O 10. h3 h6 11. Bf4 c6 12. Qf3 Bd6 13. Ne2 Rb8 14.
b3 Re8 15. Rfe1 Qc7 16. Bxh6 Be5 17. Bf4 Rb4 18. c4 Ba6 19. Rac1 dxc4 20. Bxc4 Bxc4 21. bxc4 Bxf4 22. Qxf4 Qxf4 23. Nxf4 Rxe1+ 24. Rxe1 Rxc4 25. Nd3 Rc3 26. Ne5 Rc2 27. Kf1 c5 28. Re2 Rc1+ 29. Re1 Rc2 30. Re2 Rc3 31. Re3 Rxe3 32. fxe3 Nd5 33. Ke2 Nc3+ 34. Kd3 Nxa2 35. Kc4 f6 36. Nc6 a6 37. Kxc5 Kf7 38. Kb6 Ke6 39. Kxa6 Kd5 40.
Ne7+ Ke4 41. g4 Nb4+ 42. Kb5 Nc2 43. Nf5 g6 44. Ne7 g5 45. Ng8 Ke5 46. e4 Nd4+ 47. Kc4 Ne2 48. Kd3 Nf4+ 49. Ke3 Nxh3 50. Ne7 Nf4 51.
Ng6+ Nxg6 0-1

[Event "*** SCC Grand Prix: Titled Tuesday Blitz"]
[Site "Chess.com"]
[Date "2020.06.23"]
[Round "6"]
[White "annamaja"]
[Black "RitvarsReimanis"]
[Result "0-1"]
[WhiteElo "2237"]
[BlackElo "2554"]
[TimeControl "180+1"]
[EndTime "11:07:17 PDT"]
[Termination "RitvarsReimanis won by resignation"]

1. e4 c5 2. Nf3 Nc6 3. d4 cxd4 4. Nxd4 Nf6 5. Nc3 e5 6. Ndb5 d6 7. Bg5 a6 8. Na3 b5 9. Nd5 Be7 10. Bxf6 Bxf6 11. c3 Bg5 12. Nc2 Rb8 13. Nce3 Bxe3 14. Nxe3 O-O 15. Be2 Be6 16. Bg4 Qb6 17. Bxe6 fxe6 18.
Qxd6 Rf6 19. Qd3 Rd8 20. Qe2 Rf4 21. Qc2 Nd4 22. cxd4 exd4 23. O-O-O dxe3 24. Rxd8+ Qxd8 25. fxe3 Rf7 26. Rd1 Qb8 27. Kb1 h6 28. Qc6 Qe5 29.
Qxa6 Qxe4+ 30. Ka1 Qd3 31. Qc8+ Kh7 32. Qc1 Rc7 33.
Qb1 Qc2 34. Qxc2+ Rxc2 35. Rg1 Re2 36. a3 Kg6 37. Ka2 Kf5 38. Kb3 Rxe3+ 39. Kb4 Re2 40. b3 Re3 41. Kxb5 Rxb3+ 42. Ka4 Rb2 43. h3 e5 44. Rf1+ Ke6 45. g4 e4 46. h4 e3 47. Re1 e2 48. g5 h5 49. Ka5 Kf5 50. a4 Ke4 51. Ka6 Kf3 52. a5 Kf2 53. Rh1 e1=Q 54. Rxe1 Kxe1 55. Ka7 Kf2 56. a6 Kg3 57. Ka8 Ra2 58. a7 Kxh4 59. g6 Kg5 60. Kb7 Rxa7+ 61. Kxa7 Kxg6 0-1

[Event "*** SCC Grand Prix: Titled Tuesday Blitz"]
[Site "Chess.com"]
[Date "2020.06.23"]
[Round "6"]
[White "WildTricks"]
[Black "KubaGepard"]
[Result "1/2-1/2"]
[WhiteElo "2481"]
[BlackElo "2345"]
[TimeControl "180+1"]
[EndTime "11:07:17 PDT"]
[Termination "Game drawn by stalemate"]

1. e4 e5 2. Nf3 Nc6 3. Bc4 Bc5 4. O-O Nf6 5. d3 O-O 6. a4 a6 7. c3 d6 8. h3 h6 9. Re1 Ba7 10. Nbd2 Nh5 11. Nf1 Qf6 12. Ne3 Nf4 13. Nd5 Nxd5 14. Bxd5 Ne7 15. Bb3 Ng6 16. d4 Nf4 17. Bxf4 Qxf4 18.
Qe2 Be6 19. Bc2 Rad8 20. Rad1 g6 21. Qe3 Qxe3 22. fxe3 f6 23. b4 Kf7 24. b5 a5 25. Nd2 Ke7 26. Bb3 Bb6 27. Bxe6 Kxe6 28. Nc4 Rfe8 29. Kf2 Rf8 30. Ke2 h5 31. Kd3 f5 32.
exf5+ gxf5 33. Rf1 e4+ 34. Kc2 Rg8 35. Rf2 Rg3 36.
Rdf1 Rf8 37. Kd2 d5 38. Ne5 Rf6 39. c4 dxc4 40. Nxc4 f4 41. Rxf4 Rxg2+ 42. Kc3 Rxf4 43. Rxf4 Rg3 44. Rxe4+ Kf5 45. Re5+ Kg6 46. Re6+ Kf5 47. Re5+ Kg6 48. h4 Rg4 49. Re6+ Kf5 50. Re5+ Kg6 51. Nxb6 cxb6 52. Re6+ Kf7 53. Rxb6 Rxh4 54. Rxb7+ Ke6 55.
Kd3 Rh1 56. Rh7 h4 57. b6 Rb1 58. Rxh4 Rxb6 59. Rh6+ Kd5 60. Rxb6 1/2-1/2

[Event "*** SCC Grand Prix: Titled Tuesday Blitz"]
[Site "Chess.com"]
[Date "2020.06.23"]
[Round "6"]
[White "Sviridov_Valery"]
[Black "topotun"]
[Result "1/2-1/2"]
[WhiteElo "2846"]
[BlackElo "2710"]
[TimeControl "180+1"]
[EndTime "11:07:19 PDT"]
[Termination "Game drawn by agreement"]

1. Nf3 c5 2. g3 Nc6 3. Bg2 g6 4. O-O Bg7 5. c4 d6 6. Nc3 Nf6 7. d4 cxd4 8. Nxd4 Bd7 9. Nc2 Qc8 10. b3 Bh3 11. Bb2 h5 12. Bxh3 Qxh3 13. f3 h4 14. g4 Nxg4 15. fxg4 Bxc3 16. Bxc3 Qxc3 17. Qd3 Qxd3 18.
exd3 Ne5 19. Nb4 Nxg4 20. Rae1 Rc8 21. d4 h3 22. Nd5 e6 23. Rf4 Nh6 24. Rh4 Kf8 25.
Ne3 Kg7 26. Rxh3 Nf5 27. Nxf5+ gxf5 28. Rxh8 Rxh8 29. d5 Kf6 30. dxe6 fxe6 31. Rd1 Ke5 32. Re1+ Kf6 33. Rd1 Rd8 34. Kf2 d5 35. Rd4 Rh8 36.
cxd5 Rxh2+ 37. Kg3 Rh7 38. dxe6 Kxe6 39. Rd8 Rd7 40.
Ra8 a6 41. Kf4 Rd4+ 42. Ke3 Re4+ 43. Kf3 Rb4 44. Rd8 a5 45. Ra8 b6 46. Rb8 Ke5 47. Re8+ Kd4 48. Kf4 Kc3+ 49. Kxf5 Kb2 50. Re2+ Ka3 51.
Ke5 b5 52. Kd5 a4 53. bxa4 bxa4 54.
Kc5 Rb2 55. Re4 Rxa2 56. Kb5 Rb2+ 57. Ka5 Rc2 58. Rxa4+ Kb2 59. Rb4+ Kc1 60. Rb5 Ra2+ 1/2-1/2

[Event "*** SCC Grand Prix: Titled Tuesday Blitz"]
[Site "Chess.com"]
[Date "2020.06.23"]
[Round "6"]
[White "AndrewDGreen"]
[Black "tamarozi99"]
[Result "1-0"]
[WhiteElo "2302"]
[BlackElo "2072"]
[TimeControl "180+1"]
[EndTime "11:07:20 PDT"]
[Termination "AndrewDGreen won by resignation"]

1. d4 Nf6 2. Nf3 g6 3. Nc3 d5 4. Bf4 Bg7 5. e3 O-O 6. Be2 Nbd7 7. Ne5 c5 8. O-O a6 9. a4 c4 10. a5 e6 11. h3 b5 12. axb6 Qxb6 13. Na4 Qb7 14. Bh2 Ne4 15. f3 Nd6 16. Nxd7 Qxd7 17. Nb6 Qc6 18. Nxa8 Bb7 19. Qd2 Rxa8 20. Qb4 Bf8 21.
Qa4 Qb6 22. b3 Bc6 23. Qa5 Qxa5 24. Rxa5 Bb5 25. bxc4 Nxc4 26. Bxc4 Bxc4 27. Rb1 h5 28. c3 Bh6 29. Kf2 Kh7 30. Rb8 Ra7 31. Bd6 Kg7 32.
Bf8+ Kh7 33. Bxh6 Kxh6 34. Rb6 Kg7 35. g4 hxg4 36. fxg4 g5 37. Kg3 Kg6 38. Rb8 Kg7 39.
h4 gxh4+ 40. Kxh4 Bd3 41. g5 Bc4 42. Kg4 Bd3 43. Kf4 Bc4 44. e4 dxe4 45. Kxe4 Bf1 46. Rb6 Bg2+ 47. Kf4 Bf1 48. Ra1 Bc4 49. Rc6 Bd3 50.
c4 a5 51. Ke3 Bc2 52. Kd2 Be4 53. Rd6 a4 54. c5 Kg6 55. c6 Kxg5 56. Rd7 Ra6 57.
c7 Rc6 58. Rc1 Rxc1 59. Kxc1 Bb7 60. Rxf7 Kg6 61. Rf8 1-0

[Event "*** SCC Grand Prix: Titled Tuesday Blitz"]
[Site "Chess.com"]
[Date "2020.06.23"]
[Round "6"]
[White "Karateloru"]
[Black "Sam_ChessMood"]
[Result "0-1"]
[WhiteElo "2629"]
[BlackElo "2825"]
[TimeControl "180+1"]
[EndTime "11:07:22 PDT"]
[Termination "Sam_ChessMood won by resignation"]

1. e4 c6 2. Nc3 d5 3. Nf3 dxe4 4. Nxe4 Nf6 5. Bd3 Nxe4 6. Bxe4 Nd7 7. d4 Nf6 8. Bd3 Bf5 9. O-O Bxd3 10. Qxd3 e6 11. Bg5 Be7 12. c3 O-O 13. Ne5 Nd7 14. Bxe7 Nxe5 15. Qg3 Qxe7 16. Qxe5 Rfd8 17. Rae1 Rd5 18. Qe4 Rad8 19. Re3 c5 20. dxc5 Qxc5 21. h3 g6 22.
Rfe1 b5 23. Rf3 a5 24. Qf4 Rf5 25. Qh4 Rd2 26. Rxf5 Qxf5 27. Re3 g5 28. Qg3 Qf4 29. h4 h6 30. hxg5 hxg5 31. Re5 Qxg3 32. fxg3 Rxb2 33. Rxg5+ Kf8 34. a4 f5 35. Rh5 bxa4 36. Rh4 Ra2 37. Rh8+ Ke7 38. Ra8 Kf6 39. Rxa5 Kg5 40. Kh2 a3 41. g4 Kxg4 42. Re5 Rc2 43. Rxe6 Rxc3 44. Ra6 Kf4 45. Ra4+ Ke5 46. g3 Kd5 47. Kh3 Kc5 48. Kh4 Kb5 49. Ra8 Rc4+ 50. Kg5 Ra4 51. Rb8+ Kc6 52.
Rb1 a2 53. Ra1 Ra5 54. Kf6 Kd6 55. Rd1+ Kc5 56. Ra1 Kd4 57. Rxa2 Rxa2 58. Kxf5 Rf2+ 59. Ke6 Rg2 0-1

[Event "*** SCC Grand Prix: Titled Tuesday Blitz"]
[Site "Chess.com"]
[Date "2020.06.23"]
[Round "6"]
[White "Yuri202062"]
[Black "Playgood28"]
[Result "0-1"]
[WhiteElo "2405"]
[BlackElo "2278"]
[TimeControl "180+1"]
[EndTime "11:07:22 PDT"]
[Termination "Playgood28 won by resignation"]

1. d4 f5 2. c4 Nf6 3. Nc3 g6 4. g3 d6 5. Bg2 Bg7 6. Nf3 O-O 7. O-O c6 8. Rb1 a5 9. b3 Qc7 10. Bb2 e5 11. dxe5 dxe5 12. e4 Na6 13. Re1 f4 14.
gxf4 Nh5 15. fxe5 Nf4 16. Ne2 Nxg2 17. Kxg2 Bg4 18. Neg1 Rad8 19. Qe2 Rxf3 20. Nxf3 Rf8 21. Kg1 Bxf3 22. Qf1 Bxe5 23. Bxe5 Qxe5 24. Qh3 Rf4 25. Kf1 Nc5 26. Re3 Bg4 27. Qg2 Qe6 28. h3 Bh5 29.
Qg5 Qf7 30. Qd8+ Kg7 31. Qd4+ Kh6 32. Rb2 Ne6 33. Qe5 Ng5 34. Rd2 Nf3 35. Rd7 Nxe5 36. Rxf7 Rxf7 37. Ke1 Rd7 38. f4 Rd3 39. Kf2 Rd2+ 40.
Kg3 Nd3 41. e5 g5 42. fxg5+ Kxg5 43. e6 Kf6 44. e7 Be8 45. h4 Ne5 46. Kf4 Rd3 47.
Re1 Rf3+ 48. Ke4 Rf5 49. Rg1 Ng6 50. Ke3 Nxe7 51. Kd2 Bg6 52. Rg2 Ke6 53. Kd3 Re5+ 54. Kc3 Re3+ 55. Kd2 Rd3+ 56. Ke1 Rd4 57. Ke2 Re4+ 58.
Kd2 Rxh4 59. Rg3 Be4 60. Ke3 Nf5+ 61. Kf2 Nxg3 0-1

[Event "*** SCC Grand Prix: Titled Tuesday Blitz"]
[Site "Chess.com"]
[Date "2020.06.23"]
[Round "6"]
[White "GMTalks_Youtube"]
[Black "Squirlolz"]
[Result "1/2-1/2"]
[WhiteElo "2672"]
[BlackElo "2516"]
[TimeControl "180+1"]
[EndTime "11:07:28 PDT"]
[Termination "Game drawn - insufficient material"]

1. e4 c5 2. Nf3 a6 3. b3 b5 4.
a4 Bb7 5. axb5 axb5 6. Rxa8 Bxa8 7.
Bxb5 Bxe4 8. O-O Nf6 9. Re1 Bc6 10. Bf1 d6 11. Bb2 e6 12. d4 Nbd7 13. dxc5 Nxc5 14. Nd4 Bd7 15. c4 Be7 16. Nc3 O-O 17. b4 Na6 18. b5 Nc5 19. g3 Qb6 20. Bg2 Re8 21. h3 h6 22. Qd2 Bf8 23. Ra1 e5 24.
Nc6 Nb3 25. Qd1 Nxa1 26. Qxa1 Be6 27. Qa4 Qc5 28. Bf1 Nd7 29. Ba3 Qb6 30. Bc1 Nc5 31. Qa2 Qb7 32. Bg2 Ra8 33. Ne7+ Bxe7 34. Qxa8+ Qxa8 35. Bxa8 Bxc4 36. b6 Ba6 37. Nd5 Bd8 38. Be3 Bb7 39.
Bxb7 Nxb7 40. g4 f6 41. Kg2 Kf7 42. Kf3 Ke6 43. Ke4 g6 44. Nb4 d5+ 45. Kd3 d4 46. Bxh6 Bxb6 47. Kc4 f5 48. Nc6 Nd6+ 49. Kb4 e4 50.
Bf4 d3 51. Bg3 Kd5 52. Ne7+ Ke6 53. Nxg6 fxg4 54. Kc3 gxh3 55. Nf4+ Kf5 56. Nxh3 Nb5+ 57. Kd2 Ba5+ 58. Ke3 Nc3 59. Nf4 Nd1+ 60. Kd4 d2 61.
Ng2 Bc3+ 62. Kc4 Nb2+ 63. Kxc3 d1=Q 64. Ne3+ Ke6 65. Nxd1 Nxd1+ 66. Kd4 Nxf2 67. Bxf2 e3 68. Bxe3 1/2-1/2

[Event "*** SCC Grand Prix: Titled Tuesday Blitz"]
[Site "Chess.com"]
[Date "2020.06.23"]
[Round "6"]
[White "jaskol95"]
[Black "allvim"]
[Result "1/2-1/2"]
[WhiteElo "2392"]
[BlackElo "2216"]
[TimeControl "180+1"]
[EndTime "11:07:28 PDT"]
[Termination "Game drawn - insufficient material"]

1. d4 Nf6 2. c4 g6 3. Nc3 d5 4. cxd5 Nxd5 5. e4 Nxc3 6. bxc3 Bg7 7. Bc4 c5 8. Ne2 O-O 9. Be3 Nc6 10. h4 h5 11. Qd2 Qa5 12. Rc1 Rd8 13. d5 b5 14.
Bb3 c4 15. Bc2 e6 16. Bg5 f6 17. Bh6 exd5 18. Bxg7 Kxg7 19. exd5 Be6 20. Nf4 Bf7 21. O-O Rd6 22. Qe3 Ne5 23. Ne6+ Bxe6 24. dxe6 Qb6 25. Qg3 Rxe6 26. Rfe1 Rae8 27. Kh1 Ng4 28. Rxe6 Rxe6 29. f3 Nf2+ 30. Kh2 Nd3 31. Rd1 Qe3 32. Qc7+ Re7 33.
Qd6 Nf4 34. Be4 Rf7 35. Kg3 Ne2+ 36. Kh2 Nf4 37. Qd2 Qxd2 38. Rxd2 g5 39. g3 Ng6 40. hxg5 fxg5 41. Rd6 Ne5 42. Rd5 Nxf3+ 43. Kg2 g4 44. Rxh5 Ne1+ 45. Kg1 Nf3+ 46. Kg2 Ne1+ 47. Kg1 Nf3+ 48.
Kh1 Nd2 49. Rh7+ Kf6 50. Rxf7+ Kxf7 51. Bf5 Kf6 52. Bxg4 Nb1 53. Bd7 Nxc3 54. Kg2 a6 55.
Kf3 b4 56. Bc8 b3 57. axb3 cxb3 58. Bxa6 b2 59. Bd3 b1=Q 60. Bxb1 Nxb1 61. Kf4 Nd2 62. g4 Nc4 63. g5+ Kg6 64. Kg4 Ne5+ 65. Kf4 Nf7 66. Kg4 Nxg5 1/2-1/2

[Event "*** SCC Grand Prix: Titled Tuesday Blitz"]
[Site "Chess.com"]
[Date "2020.06.23"]
[Round "6"]
[White "PredragNikac"]
[Black "otrov-11"]
[Result "1-0"]
[WhiteElo "2222"]
[BlackElo "2378"]
[TimeControl "180+1"]
[EndTime "11:07:30 PDT"]
[Termination "PredragNikac won on time"]

1. d4 Nf6 2. Nc3 d5 3. Bg5 Nbd7 4. e3 e6 5. f4 Be7 6. Bd3 b6 7. Nf3 Bb7 8. O-O Ne4 9. Bxe7 Qxe7 10. Bxe4 dxe4 11. Ne5 O-O-O 12. Nxd7 Rxd7 13. Qh5 f5 14. a3 c5 15. Rad1 cxd4 16. Rxd4 Rxd4 17. exd4 g6 18.
Qe2 Rd8 19. Qc4+ Kb8 20. Rd1 Bd5 21. Qb4 Qxb4 22. axb4 Rc8 23. Kf2 a6 24. Ke3 Rc4 25. Ra1 Rxb4 26. b3 Kb7 27. h4 h5 28. Rh1 Bxb3 29. cxb3 Rxb3 30. Rc1 Rb2 31. d5 exd5 32.
Nxd5 Rxg2 33. Rc7+ Kb8 34. Rg7 b5 35. Kd4 Rd2+ 36.
Kc5 Kc8 37. Rxg6 Kd8 38. Rf6 Rc2+ 39. Kd6 Kc8 40. Rxf5 a5 41. Re5 b4 42. Rxe4 b3 43. Re1 a4 44. Nb6+ Kb7 45. Nxa4 Rf2 46. Nc5+ Kb6 47.
Nxb3 Rxf4 48. Rb1 Rxh4 49. Nc5+ Ka7 50. Kc6 Rc4 51. Rb7+ Ka8 52. Rh7 Rc1 53. Kb5 1-0

[Event "*** SCC Grand Prix: Titled Tuesday Blitz"]
[Site "Chess.com"]
[Date "2020.06.23"]
[Round "6"]
[White "viktorskliarov"]
[Black "Love_craft"]
[Result "0-1"]
[WhiteElo "2538"]
[BlackElo "2450"]
[TimeControl "180+1"]
[EndTime "11:07:31 PDT"]
[Termination "Love_craft won by resignation"]

1. e4 g6 2. d4 Bg7 3. Nc3 d6 4. Be3 a6 5. f3 b5 6. Qd2 Bb7 7. g4 Nd7 8. h4 h5 9. g5 Rc8 10. Nge2 e6 11. a4 bxa4 12. Nxa4 Ne7 13. Ng3 O-O 14.
Be2 d5 15. b4 dxe4 16. fxe4 c5 17. bxc5 Nxc5 18. Nxc5 Rxc5 19. O-O Rc7 20. Bxa6 Qd6 21. e5 Qc6 22. Bxb7 Rxb7 23. Qg2 Nd5 24. Rfc1 Rc7 25.
Bf2 Qc3 26. Ne4 Qb2 27. Nc5 Rxc5 28. dxc5 Bxe5 29. c4 Nf4 30. Qf3 Ne2+ 31. Kg2 Nxc1 32. Ra7 Qc2 33. c6 Nd3 34. c7 Bd4 35. c8=Q Bxa7 36.
Qxf8+ Kxf8 37. Qa8+ Kg7 38. Qxa7 Qe2 39. Qd4+ e5 40. Qe3 Qc2 41. c5 e4 42. Qd4+ Kh7 43. Kg3 Nxf2 44. Qxf2 Qd3+ 45. Kf4 Qd5 46. Qe3 Qf5+ 47.
Kg3 Qg4+ 48. Kf2 Qxh4+ 49. Ke2 Qg4+ 50. Kd2 Qe6 51. Qd4 Kg8 52. Qd8+ Kg7 53. Qd6 Qxd6+ 54. cxd6 Kf8 55. Ke3 Ke8 56. Kxe4 Kd7 57. Ke5 h4 58.
Kf4 Kxd6 59. Kg4 Ke5 60. Kxh4 Kf4 61. Kh3 Kxg5 0-1

[Event "*** SCC Grand Prix: Titled Tuesday Blitz"]
[Site "Chess.com"]
[Date "2020.06.23"]
[Round "6"]
[White "AlexOstrovskiy"]
[Black "GadimbayliA"]
[Result "0-1"]
[WhiteElo "2708"]
[BlackElo "2879"]
[TimeControl "180+1"]
[EndTime "11:07:32 PDT"]
[Termination "GadimbayliA won by resignation"]

1. d4 d5 2. Bf4 Nf6 3. e3 Nc6 4. c4 e5 5. dxe5 Ne4 6. a3 Be6 7. cxd5 Bxd5 8. Nd2 Be7 9. Nxe4 Bxe4 10. f3 Bg6 11. Bc4 O-O 12. Ne2 Qc8 13. O-O Rd8 14. Qe1 Bd3 15. Bxd3 Rxd3 16. Rd1 Qd7 17. Nc1 Rxd1 18.
Qxd1 Qe6 19. Qb3 Qxb3 20. Nxb3 Rd8 21. Rc1 g5 22. Bg3 Rd3 23. Nc5 Bxc5 24. Rxc5 Rd1+ 25. Kf2 Rd2+ 26. Kf1 Rxb2 27. e6 fxe6 28. Rxg5+ Kf7 29. Bxc7 Rb3 30. e4 Rxa3 31. h4 Ra2 32. Rh5 Kg6 33. Rg5+ Kf6 34. Rh5 Kg6 35. Rg5+ Kf6 36. Rh5 a5 37.
Rxh7 a4 38. h5 a3 39. f4 Ra1+ 40. Kf2 a2 41. g4 Rf1+ 42. Kg3 Rg1+ 43. Kh4 Rh1+ 44.
Kg3 Rg1+ 45. Kh4 Rxg4+ 46. Kxg4 e5 47. Rh6+ Ke7 48. Rxc6 a1=Q 49. Rg6 exf4 50. Bxf4 Qh1 51. h6 Qxe4 52. Rg7+ Kf8 53. Rg5 Qg2+ 54. Kf5 Qh3+ 55. Kg6 Qe6+ 56. Kh5 Qf7+ 57. Kg4 Qe6+ 58. Rf5+ Kg8 59.
Be5 Kh7 60. Bf4 Kg6 61. h7 Qxf5+ 62. Kg3 Kxh7 0-1

[Event "*** SCC Grand Prix: Titled Tuesday Blitz"]
[Site "Chess.com"]
[Date "2020.06.23"]
[Round "6"]
[White "Fortitudine"]
[Black "sasko1234"]
[Result "1-0"]
[WhiteElo "2285"]
[BlackElo "2412"]
[TimeControl "180+1"]
[EndTime "11:07:33 PDT"]
[Termination "Fortitudine won by resignation"]

1. d4 d6 2. Nc3 Nf6 3. e4 c6 4. a4 Qa5 5. Bd3 e5 6. Ne2 Be7 7. O-O O-O 8. Bd2 Qc7 9. f3 Nbd7 10. Be3 Re8 11. Bf2 Nf8 12. a5 Ng6 13. Re1 Bf8 14. Qd2 Be6 15. Reb1 d5 16. dxe5 Nxe5 17. Nf4 Nxd3 18.
Nxe6 Rxe6 19. cxd3 dxe4 20. dxe4 Bd6 21. g3 h5 22. Rc1 Qe7 23. Na4 a6 24. Nc5 Re5 25. Nd3 Rb5 26. Re1 Bc7 27. e5 Nd5 28. f4 h4 29. Kg2 hxg3 30. hxg3 Qd7 31. Rh1 Rd8 32. Rad1 Nb4 33. Qe2 Nxd3 34. Qh5 Kf8 35. Qh8+ Ke7 36.
Qxg7 Qe6 37. Qg5+ Kd7 38. Rxd3+ Kc8 39. Rxd8+ Bxd8 40. Rh8 Rd5 41. Qf6 Qd7 42. Bb6 Rd2+ 43. Kf3 Qd5+ 44. Kg4 Qd7+ 45. Kg5 Rd5 46. Rxd8+ Qxd8 47. Qxd8+ Rxd8 48. Bxd8 Kxd8 49. Kf6 Ke8 50. g4 b5 51. e6 fxe6 52. Kxe6 c5 53. Kd5 c4 54. Kc5 Kf7 55. g5 Kg6 56. Kb4 Kf5 57. b3 cxb3 58.
Kxb3 Kg6 59. Kb4 Kf5 60. Kc5 Kg6 61. Kd4 Kf5 62. Ke3 Kg6 63. Ke4 Kf7 64. f5 Kg7 65.
Ke5 Kf7 66. g6+ Kg7 67. Ke6 b4 68. f6+ Kxg6 69. f7 b3 70. f8=Q 1-0